 Dungeon Crawl Stone Soup version 0.21.0-3-g78d12a8bdd (webtiles) character file.

205 Lektor the Fighter (level 5, -4/54 HPs)
             Began as a Gnoll Wanderer on Jan 17, 2018.
             Killed by divine providence
             ... invoked by an orc priest
              (13 damage)
             ... on level 3 of the Dungeon.
             The game lasted 00:11:01 (2393 turns).

Lektor the Fighter (Gnoll Wanderer)                 Turns: 2393, Time: 00:11:02

Health: -4/54      AC:  6    Str: 13    XL:     5   Next: 83%
Magic:  7/7        EV:  7    Int: 15    God:
Gold:   170        SH:  8    Dex: 18    Spells: 7/7 levels left

rFire    . . .     SeeInvis .   D - +0 spear
rCold    . . .     Gourm    .   q - +0 shield
rNeg     . . .     Faith    .   i - +0 scale mail
rPois    .         Spirit   .   (no helmet)
rElec    .         Reflect  .   (no cloak)
rCorr    .         Harm     .   (no gloves)
MR       .....                  (no boots)
Stlth    +.........             (no amulet)
HPRegen  0.18/turn              (no ring)
MPRegen  0.10/turn              (no ring)

@: flying
A: distributed training, claws 1, fangs 1, agile 1, strong nose
a: no special abilities


You were on level 3 of the Dungeon.
You were hungry.

You visited 1 branch of the dungeon, and saw 3 of its levels.

You collected 170 gold pieces.

Inventory:

Hand Weapons
 b - a +2 blowgun
 c - a +0 short sword
 d - a +0 shortbow
 u - a +0 hand axe
 w - a +1 dagger of freezing
 x - a cursed -2 hunting sling
 D - a +0 spear (weapon)
Missiles
 a - 4 curare-tipped needles
 e - 51 arrows
 l - 77 stones (quivered)
 m - 28 bolts
 r - 4 needles of paralysis
 s - a throwing net
 v - 12 sling bullets
 y - 7 poisoned needles
Armour
 i - a +0 scale mail (worn)
 q - a +0 shield (worn)
Wands
 F - a wand of polymorph (9)
Scrolls
 h - a scroll of remove curse {unknown}
 j - a scroll of random uselessness {unknown}
 p - 2 scrolls of fog {unknown}
 t - 3 scrolls of identify {unknown}
 C - a scroll of teleportation {unknown}
 E - a scroll of fear {unknown}
Potions
 k - 3 potions of agility {unknown}
 n - 3 potions of brilliance {unknown}
 o - 4 potions of curing {unknown}
 A - a potion of lignification {unknown}
Comestibles
 g - 5 rations


   Skills:
 + Level 10.4 Fighting
 + Level 3.0 Short Blades
 + Level 1.6 Long Blades
 + Level 1.6 Axes
 + Level 1.6 Maces & Flails
 + Level 1.6 Polearms
 + Level 1.6 Staves
 + Level 1.6 Slings
 + Level 3.0 Bows
 + Level 1.6 Crossbows
 + Level 3.0 Throwing
 + Level 3.0 Armour
 + Level 1.6 Dodging
 + Level 2.8 Stealth
 + Level 1.6 Shields
 + Level 1.6 Unarmed Combat
 + Level 1.6 Spellcasting
 + Level 1.3 Conjurations
 + Level 1.3 Hexes
 + Level 1.3 Charms
 + Level 1.3 Summonings
 + Level 1.3 Necromancy
 + Level 1.3 Translocations
 + Level 1.3 Transmutations
 + Level 1.3 Fire Magic
 + Level 1.3 Ice Magic
 + Level 1.3 Air Magic
 + Level 1.3 Earth Magic
 + Level 1.3 Poison Magic
 + Level 1.8 Invocations
 + Level 1.6 Evocations


You had 7 spell levels left.
You didn't know any spells.

Dungeon Overview and Level Annotations

Branches:
Dungeon (3/15)

Altars:
Uskayaw


Innate Abilities, Weirdness & Mutations

Your experience applies equally to all skills.
You have very sharp teeth.
Your uncanny sense of smell can sniff out nearby items.
You have sharp fingernails.
You are agile. (Dex +2)


Message History

You hit the orc priest but do no damage.
The orc priest is heavily wounded.
The orc priest miscasts a cantrip.
The orc hits you but does no damage. The orc priest hits you.
You hit the orc priest.
The orc priest is severely wounded.
The orc hits you but does no damage.
The orc priest invokes the aid of Beogh against you.
Beogh smites you!
* * * LOW HITPOINT WARNING * * *
You completely miss the orc priest.
The orc priest is severely wounded.
The orc barely misses you. The orc priest hits you.
* * * LOW HITPOINT WARNING * * *
You hit the orc priest.
The orc priest is almost dead.
The orc barely misses you.
The orc priest invokes the aid of Beogh against you.
Beogh smites you!
You die...

#.###.#.)†...r...
#......l..####r..
#.###).So....oo.
###S#######. ####
#.#
.....#####S######
.........o........
#.##.##o##########
#......o@.......
#.##.##.########
#. #.#.. #
#.##.#.# #.
#.#.#.# .. ##....#
#.#.#...####
#...#.......
#.#.....####


You could see an orc priest and an orc.

Vanquished Creatures
  10 adders
  An ooze (D:2)
  3 worms
  5 dart slugs
  4 leopard geckos
  5 orcs (D:3)
  3 giant cockroaches (D:1)
  7 goblins
  8 hobgoblins
  4 jackals
  6 kobolds
  2 quokkas
  A ball python (D:2)
  15 bats
  9 frilled lizards
  8 rats
91 creatures vanquished.

Notes
Turn   | Place    | Note
-------+----------+-------------------------------------------
     0 | D:1      | Reached skill level 10 in Fighting
     0 | D:1      | Lektor the Gnoll Wanderer began the quest for the Orb.
     0 | D:1      | Lektor set off with: 4 curare-tipped needles, a +2 blowgun, a +0 short sword, a +0 shortbow, 27 arrows, a +0 robe, a ration
     0 | D:1      | Reached XP level 1. HP: 28/28 MP: 1/1
   120 | D:1      | Reached XP level 2. HP: 33/36 MP: 2/2
   342 | D:1      | Reached XP level 3. HP: 42/42 MP: 3/3
   801 | D:2      | Reached skill level 1 in Invocations
   866 | D:2      | Reached skill level 1 in Long Blades
   866 | D:2      | Reached skill level 1 in Axes
   866 | D:2      | Reached skill level 1 in Maces & Flails
   866 | D:2      | Reached skill level 1 in Polearms
   866 | D:2      | Reached skill level 1 in Staves
   866 | D:2      | Reached skill level 1 in Slings
   866 | D:2      | Reached skill level 1 in Crossbows
   866 | D:2      | Reached skill level 1 in Dodging
   866 | D:2      | Reached skill level 1 in Shields
   866 | D:2      | Reached skill level 1 in Unarmed Combat
   866 | D:2      | Reached skill level 1 in Spellcasting
   866 | D:2      | Reached skill level 1 in Evocations
   881 | D:2      | Reached XP level 4. HP: 43/48 MP: 5/5
   966 | D:2      | Found a hide-covered altar of Uskayaw.
  1143 | D:2      | Reached skill level 1 in Conjurations
  1143 | D:2      | Reached skill level 1 in Hexes
  1143 | D:2      | Reached skill level 1 in Charms
  1143 | D:2      | Reached skill level 1 in Summonings
  1143 | D:2      | Reached skill level 1 in Necromancy
  1143 | D:2      | Reached skill level 1 in Translocations
  1143 | D:2      | Reached skill level 1 in Transmutations
  1143 | D:2      | Reached skill level 1 in Fire Magic
  1143 | D:2      | Reached skill level 1 in Ice Magic
  1143 | D:2      | Reached skill level 1 in Air Magic
  1143 | D:2      | Reached skill level 1 in Earth Magic
  1143 | D:2      | Reached skill level 1 in Poison Magic
  1323 | D:2      | Reached XP level 5. HP: 42/54 MP: 6/6
  2369 | D:3      | Gained mutation: You have sharp fingernails. [potion of mutation]
  2369 | D:3      | Gained mutation: You are agile. (Dex +2) [potion of mutation]
  2393 | D:3      | Killed from afar by an orc priest

Skill      XL: |  1  2  3  4  5 |
---------------+----------------+-----
Fighting       | | 10.4
Invocations    | 1 |  1.8
Long Blades    | 1 |  1.6
Axes           | 1 |  1.6
Maces & Flails | 1 |  1.6
Polearms       | 1 |  1.6
Staves         | 1 |  1.6
Slings         | 1 |  1.6
Crossbows      | 1 |  1.6
Dodging        | 1 |  1.6
Shields        | 1 |  1.6
Unarmed Combat | 1 |  1.6
Spellcasting   | 1 |  1.6
Evocations     | 1 |  1.6
Conjurations   | 1 |  1.3
Hexes          | 1 |  1.3
Charms         | 1 |  1.3
Summonings     | 1 |  1.3
Necromancy     | 1 |  1.3
Translocations | 1 |  1.3
Transmutations | 1 |  1.3
Fire Magic     | 1 |  1.3
Ice Magic      | 1 |  1.3
Air Magic      | 1 |  1.3
Earth Magic    | 1 |  1.3
Poison Magic   | 1 |  1.3
Short Blades   | 3 |  3.0
Bows           | 3 |  3.0
Throwing       | 3 |  3.0
Armour         | 3 |  3.0
Stealth        | |  2.8

Action                   |  1- 3 |  4- 6 || total
-------------------------+-------+-------++-------
Melee: Short sword       |   127 |    24 ||   151
       Bite              |    14 |    22 ||    36
       Hand axe          |       |   119 ||   119
       Spear             |       |    92 ||    92
Throw: Stone             |     1 |     1 ||     2
  Use: Potion            |       |     3 ||     3
 Stab: Sleeping          |     2 |       ||     2
  Eat: Chunk             |       |     5 ||     5
Armor: Robe              |    14 |       ||    14
       Scale mail        |    33 |   105 ||   138
Dodge: Dodged            |    52 |    89 ||   141
Block: Shield            |    22 |    97 ||   119
